 Dungeon Crawl Stone Soup version 0.21.1-1-g345015f (webtiles) character file.

57554 Monsterracer the Black Belt (level 14, -8/130 HPs)
             Began as a Minotaur Monk on May 31, 2018.
             Shot with an arrow by Nessos (19 damage)
             ... on level 2 of the Orcish Mines.
             The game lasted 00:38:59 (24887 turns).

Monsterracer the Black Belt (Minotaur Monk)        Turns: 24887, Time: 00:39:00

Health: -8/130     AC: 11    Str: 16    XL:     14   Next: 46%
Magic:  0/13       EV: 26    Int:  7    God:
Gold:   409        SH:  0    Dex: 18    Spells: 13/13 levels left

rFire    . . .     SeeInvis .     - Unarmed
rCold    . . .     Gourm    .   (no shield)
rNeg     . . .     Faith    .   (no armour)
rPois    .         Spirit   +   (helmet restricted)
rElec    .         Reflect  .   w - +2 cloak
rCorr    .         Harm     .   (no gloves)
MR       +....                  A - +2 pair of boots
Stlth    ++++......             o - amulet of guardian spirit
HPRegen  0.31/turn              g - +4 ring of evasion
MPRegen  0.13/turn              p - +5 ring of protection

@: no status effects
A: retaliatory headbutt, horns 2
a: no special abilities


You were on level 2 of the Orcish Mines.
You were hungry.

You visited 4 branches of the dungeon, and saw 20 of its levels.
You also visited: Ice Cave and Volcano.

You collected 1506 gold pieces.
You spent 1097 gold pieces at shops.

Inventory:

Armour
 w - a +2 cloak (worn)
 A - a +2 pair of boots (worn)
 O - a +1 shield of cold resistance
 P - a +0 large shield of cold resistance
Jewellery
 g - a +4 ring of evasion (left hand)
 m - an uncursed ring of fire
 o - an amulet of guardian spirit (around neck)
 p - a +5 ring of protection (right hand)
 q - an uncursed ring of protection from cold {!d}
 C - an uncursed ring of protection from fire {!d}
 H - an uncursed ring of protection from magic {!d}
 J - the macabre finger necklace {rN+}
   (You found it on level 3 of the Lair of Beasts)

   [amulet of nothing]

   It protects you from negative energy.
 K - an uncursed ring of poison resistance {!d}
 N - a +4 amulet of reflection
Wands
 u - a wand of digging (9)
 M - a wand of acid (18)
Scrolls
 f - 2 scrolls of magic mapping {!r}
 h - 4 scrolls of immolation {!r}
 i - 11 scrolls of remove curse
 j - 3 scrolls of teleportation
 s - 8 scrolls of blinking
 v - 3 scrolls of fog
 x - 5 scrolls of identify
 y - 4 scrolls of noise
 B - 5 scrolls of fear {!r}
 D - a scroll of holy word
 E - a scroll of silence
Potions
 a - 7 potions of resistance
 b - 3 potions of haste {unknown}
 d - 3 potions of ambrosia {unknown}
 e - 2 potions of flight {unknown}
 k - 7 potions of curing
 l - 4 potions of might
 n - 11 potions of heal wounds {unknown}
 r - a potion of degeneration {unknown}
 t - a potion of magic {unknown}
 z - a potion of cancellation {unknown}
 F - 5 potions of brilliance {unknown}
 G - 2 potions of agility
 I - a potion of berserk rage {unknown}
 L - a potion of mutation {unknown}
Comestibles
 c - 47 rations


   Skills:
 + Level 13.9 Fighting
 + Level 12.9 Dodging
 + Level 9.6 Stealth
 * Level 17.7 Unarmed Combat


You had 13 spell levels left.
You didn't know any spells.

Dungeon Overview and Level Annotations

Branches:
Dungeon (12/15)            Temple (1/1) D:7            Lair (5/6) D:10
 Shoals (0/4) Lair:3       Spider (0/4) Lair:2        Slime (0/5) Lair:5
    Orc (2/2) D:12
    Elf: Orc:2

Altars:
Ashenzari
Dithmenos
Fedhas
Hepliaklqana
Kikubaaqudgha
Qazlal
Sif Muna
Trog
Uskayaw
Vehumet
Xom
Zin
The Shining One
Beogh
Jiyva

Shops:
D:6 =   D:10 !!!*?

Annotations:
D:8 4 runed doors
Lair:4 Rupert
Lair:5 1 runed door
Orc:2 Nessos


Innate Abilities, Weirdness & Mutations

You reflexively headbutt those who attack you in melee.
You have a pair of horns on your head.


Message History

You punch the two-headed ogre!
The two-headed ogre is moderately wounded.
The two-headed ogre hits you with a giant club!!
* * * LOW HITPOINT WARNING * * *
The two-headed ogre completely misses you.
You take 17 damage, and have 49/130 hp.
You now have 6/13 mp.
You barely miss the two-headed ogre. Your punch misses the two-headed ogre.
The two-headed ogre is moderately wounded.
You pummel the two-headed ogre!! You headbutt the two-headed ogre.
You punch the two-headed ogre!
The two-headed ogre is almost dead.
The two-headed ogre misses you. You furiously retaliate!
You headbutt the two-headed ogre, but do no damage.
The two-headed ogre completely misses you.
You barely miss the two-headed ogre.
You headbutt the two-headed ogre, but do no damage.
The two-headed ogre is almost dead.
You barely miss the two-headed ogre.
The two-headed ogre is almost dead.
Nessos intently looks at you, slowly moving his tail.
The two-headed ogre barely misses you. The two-headed ogre closely misses you.
Unknown command.
You hit the two-headed ogre but do no damage.
The two-headed ogre is almost dead.
You punch the two-headed ogre!
You kill the two-headed ogre!
Nessos blinks!
You punch the warg!
The warg is moderately wounded.
The warg misses you. The warg misses you.
Nessos blinks!
The warg closely misses you. You furiously retaliate!
You headbutt the warg. The warg closely misses you. You furiously retaliate!
You headbutt the warg, but do no damage.
You closely miss the warg.
You headbutt the warg, but do no damage.
The warg is heavily wounded.
The warg completely misses you.
You hit the warg but do no damage. You punch the warg.
The warg is severely wounded.
The warg misses you. You furiously retaliate!
You headbutt the warg. You closely miss the warg. You headbutt the warg!
The warg is almost dead.
You barely miss the warg. You headbutt the warg.
The warg is almost dead.
The warg closely misses you.
You hit the warg but do no damage.
The warg is almost dead.
The warg misses you.
You pummel the warg!!
You kill the warg!
You hit Nessos. You headbutt Nessos, but do no damage.
Nessos is severely wounded.
Nessos unwields an uncursed longbow of flaming.
It stops flaming.
Nessos misses you. You furiously retaliate!
You headbutt Nessos.
Nessos blinks!
You start resting.
Nessos wields an uncursed longbow of flaming.
It bursts into flame!
Nessos shoots an arrow.
The arrow hits you!
* * * LOW HITPOINT WARNING * * *
The arrow burns you.
You are poisoned.
* * * LOW HITPOINT WARNING * * *
You take 18 damage, and have 35/130 hp.
You now have 6/13 mp.
You feel sick.
Nessos blinks!
You take 2 damage, and have 33/130 hp.
You feel sick.
You see here an arrow.
You take 1 damage, and have 32/130 hp.
You start resting.
You feel sick.
Nessos casts a spell.
Nessos seems to speed up.
You take 1 damage, and have 31/130 hp.
You feel sick.
Nessos shoots an arrow.
The arrow barely misses you.
You take 1 damage, and have 30/130 hp.
You feel sick.
Nessos shoots an arrow.
The arrow hits you!
* * * LOW HITPOINT WARNING * * *
The arrow burns you.
You are more poisoned.
* * * LOW HITPOINT WARNING * * *
You see here 2 arrows.
You take 10 damage, and have 20/130 hp.
You now have 4/13 mp.
You feel sick.
You take 1 damage, and have 19/130 hp.
You start resting.
You feel sick.
Nessos shoots an arrow.
The arrow misses you.
You take 1 damage, and have 18/130 hp.
You feel sick.
You see here 2 arrows.
You take 2 damage, and have 16/130 hp.
You start resting.
You feel sick.
You feel sick.
Nessos blinks!
Nessos shouts, "I'm half man!
Half horse!
And all stone-cold KILLER!"
Nessos shoots an arrow.
The arrow hits you!
* * * LOW HITPOINT WARNING * * *
The arrow burns you.
* * * LOW HITPOINT WARNING * * *
You see here an arrow.
You take 15 damage, and have 1/130 hp.
You now have 0/13 mp.
You feel better.
Nessos blinks!
Nessos shoots an arrow.
The arrow hits you!!
You die...

##.....§.##.......#
#.........#.......#
#..........##...###
#....(.(..#....#
#........((...#..#
#.#.......(####..#
#...$..(§()####.##
#...#.c.....§#.####
..##........#@....#
. #......#..#(...##
#......###.((.##
#.....# #.(###
##### #.## ###


You could see Nessos.

Vanquished Creatures
  A white draconian (IceCv)
  Snorg (D:11)
  A fire dragon (D:12)
  Harold (Lair:3)
  A hydra (Lair:3)
  Erica (Orc:1)
  4 death yaks
  The ghost of Amon001 the Magician, a novice GnWr of Okawaru (D:8)
  8 two-headed ogres
  An unseen horror (D:12)
  A deep elf mage (D:12)
  2 orc knights (D:12)
  An ugly thing (D:11)
  A manticore (D:12)
  2 merfolk sirens (Lair:3)
  2 black mambas (Lair:4)
  A gargoyle (D:11)
  2 ice statues (IceCv)
  A torpor snail (Lair:4)
  A molten gargoyle (Volcano)
  10 spiny frogs
  4 komodo dragons
  9 trolls
  A jumping spider (Lair:2)
  23 polar bears
  The ghost of olivier the Skirmisher, an amateur DsFi (D:4)
  12 blink frogs
  15 hippogriffs
  2 slime creatures (D:12)
  A dream sheep (D:8)
  Sigmund (D:3)
  A centaur simulacrum (D:11)
  2 redbacks (Lair:2)
  2 shadows (D:12)
  A wraith (D:12)
  49 yaks
  A basilisk (Lair:3)
  2 hogs (D:8)
  2 fire bats (Volcano)
  A steam dragon (D:12)
  2 wyverns (D:11)
  9 vampire mosquitoes
  4 wargs
  An acid dragon (D:12)
  8 water moccasins
  3 insubstantial wisps (Lair:1)
  5 porcupines
  A hell hound (Volcano)
  A sky beast (D:5)
  3 phantoms
  6 orc warriors
  8 black bears
  An ice beast (D:12)
  11 ogres
  11 wolves
  A boggart (D:12)
  2 necrophages
  11 centaurs
  10 crocodiles
  2 big kobolds
  17 bullfrogs
  2 gnoll sergeants
  A wyvern zombie (D:6)
  2 scorpions
  8 wights
  14 killer bees
  An electric eel (Lair:3)
  3 howler monkeys (D:7)
  8 crimson imps
  A quasit (D:6)
  4 centaur zombies
  6 jellies (D:8)
  A gnoll shaman (D:7)
  8 orc priests
  Crazy Yiuf (D:5)
  2 hounds
  10 orc wizards
  6 bullfrog skeletons
  4 centaur skeletons
  Jessica (D:2)
  8 worker ants
  A hound skeleton (D:6)
  A worker ant zombie (D:7)
  18 gnolls
  10 adders
  4 shadow imps
  2 white imps (D:11)
  An ufetubus (D:11)
  6 oozes
  2 adder skeletons
  A dart slug (D:1)
  5 leopard geckos
  40 orcs
  A ball python (D:4)
  8 bats
  5 giant cockroaches
  5 hobgoblins
  14 jackals
  3 quokkas
  2 frilled lizards
  8 goblins
  A jackal skeleton (D:5)
  11 kobolds
  3 rats
  A plant (Lair:1)
535 creatures vanquished.

Notes
Turn   | Place    | Note
-------+----------+-------------------------------------------
     0 | D:1      | Monsterracer the Minotaur Monk began the quest for the Orb.
     0 | D:1      | Reached XP level 1. HP: 19/19 MP: 0/0
   265 | D:1      | Reached XP level 2. HP: 26/26 MP: 1/1
   270 | D:1      | Reached skill level 4 in Unarmed Combat
   973 | D:2      | Found a shadowy altar of Dithmenos.
  1025 | D:2      | Noticed Jessica
  1036 | D:2      | Killed Jessica
  1036 | D:2      | Reached skill level 5 in Unarmed Combat
  1036 | D:2      | Reached XP level 3. HP: 31/31 MP: 2/2
  1270 | D:2      | Found a shimmering altar of Xom.
  1792 | D:3      | Found a faded altar of an unknown god.
  1816 | D:3      | Noticed Sigmund
  1827 | D:3      | Reached XP level 4. HP: 32/39 MP: 3/3
  1831 | D:3      | HP: 18/39 [Sigmund/puff of flame (11)]
  2742 | D:3      | Reached skill level 6 in Unarmed Combat
  2886 | D:3      | Reached XP level 5. HP: 45/45 MP: 4/4
  3037 | D:3      | HP: 17/45 [Sigmund/scythe of freezing (11)]
  3378 | D:3      | Killed Sigmund
  3378 | D:3      | Reached XP level 6. HP: 42/52 MP: 5/5
  3592 | D:4      | Reached skill level 7 in Unarmed Combat
  4105 | D:4      | Noticed olivier's ghost (amateur DsFi)
  4107 | D:5      | Entered Level 5 of the Dungeon
  4128 | D:4      | HP: 23/53 [olivier's ghost (5)]
  4130 | D:4      | HP: 11/53 [olivier's ghost (9)]
  4377 | D:5      | Noticed a sky beast
  4489 | D:5      | Found a runed door.
  4518 | D:5      | Reached XP level 7. HP: 60/60 MP: 6/6
  4589 | D:5      | Reached skill level 5 in Fighting
  4744 | D:5      | Found a blossoming altar of Fedhas.
  4792 | D:5      | Found a hide-covered altar of Uskayaw.
  4919 | D:5      | Found an ancient bone altar of Kikubaaqudgha.
  4919 | D:5      | Found a radiant altar of Vehumet.
  4920 | D:5      | Found a deep blue altar of Sif Muna.
  4929 | D:5      | Identified Vehumet's Grimoire of Battle Magic
  4939 | D:5      | Reached skill level 8 in Unarmed Combat
  5096 | D:5      | Noticed Crazy Yiuf
  5103 | D:5      | Killed Crazy Yiuf
  5113 | D:5      | Got an ichor-stained mace
  5146 | D:6      | Noticed a hippogriff
  5155 | D:6      | Killed a hippogriff
  5155 | D:6      | Reached skill level 5 in Dodging
  5155 | D:6      | Reached XP level 8. HP: 62/69 MP: 7/7
  5214 | D:6      | Found Biliokuc's Jewellery Shoppe.
  5275 | D:6      | HP: 35/70 [centaur/arrow (4)]
  5283 | D:6      | HP: 29/70 [centaur (1)]
  5519 | D:6      | Reached skill level 9 in Unarmed Combat
  5739 | D:6      | Found a glowing golden altar of the Shining One.
  5957 | D:6      | Bought an uncursed amulet of guardian spirit for 300 gold pieces
  6319 | D:7      | Reached XP level 9. HP: 60/78 MP: 4/8
  6486 | D:7      | Reached skill level 10 in Unarmed Combat
  6490 | D:7      | Found a stormy altar of Qazlal.
  6520 | D:7      | HP: 38/78 [orc warrior/halberd (19)]
  7175 | D:7      | Found a staircase to the Ecumenical Temple.
  7203 | Temple   | Entered the Ecumenical Temple
  7256 | D:8      | Noticed Amon001's ghost (novice GnWr)
  7268 | D:8      | Reached skill level 5 in Stealth
  7576 | D:4      | Killed olivier's ghost
  7963 | D:8      | Found a shattered altar of Ashenzari.
  8183 | D:8      | Found a huge runed gate.
  8183 | D:8      | Found a huge runed gate.
  8183 | D:8      | Found a huge runed gate.
  8183 | D:8      | Found a huge runed gate.
  8183 | D:8      | Noticed a polar bear
  8183 | D:8      | Noticed a polar bear
  8183 | D:8      | Noticed a polar bear
  8183 | D:8      | Noticed a polar bear
  8183 | D:8      | Noticed a polar bear
  8183 | D:8      | Noticed a polar bear
  8184 | D:8      | Noticed a polar bear
  8231 | D:8      | HP: 40/80 [Amon001's ghost (1)]
  8236 | D:8      | HP: 33/80 [poisoned by Amon001's ghost]
  8241 | D:8      | HP: 28/80 [poisoned by Amon001's ghost]
  8247 | D:8      | HP: 25/80 [poisoned by Amon001's ghost]
  8252 | D:8      | HP: 23/80 [poisoned by Amon001's ghost]
  8257 | D:8      | HP: 14/80 [poisoned by Amon001's ghost]
  8264 | D:8      | HP: 14/80 [poisoned by Amon001's ghost]
  8272 | D:8      | HP: 14/80 [poisoned by Amon001's ghost]
  8910 | D:8      | Reached skill level 11 in Unarmed Combat
  9046 | D:9      | Reached XP level 10. HP: 88/88 MP: 9/9
  9096 | D:9      | Noticed a two-headed ogre
  9108 | D:9      | Killed a two-headed ogre
  9139 | D:9      | Found a hazy altar of Hepliaklqana.
  9321 | D:9      | Found a hide-covered altar of Uskayaw.
  9409 | D:8      | Found a bloodstained altar of Trog.
  9661 | D:9      | Reached skill level 12 in Unarmed Combat
 10276 | D:9      | Found a glowing silver altar of Zin.
 10318 | D:10     | Entered Level 10 of the Dungeon
 10463 | D:10     | Found Oplut's Distillery.
 10532 | D:10     | HP: 42/91 [yak (6)]
 10786 | D:10     | Found Laobrist's Magic Scroll Shoppe.
 10795 | D:10     | Bought a scroll of enchant armour for 105 gold pieces
 10795 | D:10     | Bought a scroll of teleportation for 42 gold pieces
 10805 | D:10     | Found a staircase to the Lair.
 10832 | D:10     | HP: 34/92 [warg (15)]
 10849 | D:10     | Reached skill level 13 in Unarmed Combat
 10849 | D:10     | Reached XP level 11. HP: 41/99 MP: 5/10
 11085 | D:10     | Found Keimeiq's Distillery.
 11090 | D:10     | Found Zogo Hifosm's Assorted Antiques.
 11207 | D:10     | Noticed a two-headed ogre
 11217 | D:10     | Killed a two-headed ogre
 11217 | D:10     | Reached skill level 10 in Fighting
 11434 | D:10     | Bought a scroll labeled IRHAGG MUSID BOD for 23 gold pieces
 11434 | D:10     | Bought a scroll labeled CITELE CODYCI for 23 gold pieces
 11482 | D:10     | Found Nufulaz's Distillery.
 11904 | Lair:1   | Entered Level 1 of the Lair of Beasts
 11935 | Lair:1   | HP: 50/100 [bullfrog (2)]
 12967 | Lair:1   | Reached skill level 14 in Unarmed Combat
 13084 | Lair:2   | Reached skill level 10 in Dodging
 13472 | Lair:2   | Found a hole to the Spider Nest.
 13944 | Lair:3   | Reached XP level 12. HP: 110/110 MP: 11/11
 14182 | Lair:3   | Found the macabre finger necklace {rN+}
 14185 | Lair:3   | Noticed a five-headed hydra
 14194 | Lair:3   | Killed a five-headed hydra
 14227 | Lair:3   | Noticed Harold
 14251 | Lair:3   | Killed Harold
 14723 | Lair:3   | Reached skill level 15 in Unarmed Combat
 14834 | Lair:3   | Found a staircase to the Shoals.
 15663 | Lair:4   | Noticed Rupert
 16179 | Lair:4   | HP: 50/112 [black mamba (12)]
 16184 | Lair:4   | HP: 43/112 [poisoned by a black mamba]
 16189 | Lair:4   | HP: 37/112 [poisoned by a black mamba]
 16194 | Lair:4   | HP: 34/112 [poisoned by a black mamba]
 16199 | Lair:4   | HP: 31/112 [poisoned by a black mamba]
 16205 | Lair:4   | HP: 30/112 [poisoned by a black mamba]
 16211 | Lair:4   | HP: 30/112 [poisoned by a black mamba]
 16219 | Lair:4   | HP: 30/112 [poisoned by a black mamba]
 16572 | Lair:5   | Noticed a death yak
 16573 | Lair:5   | Noticed a death yak
 16574 | Lair:5   | Noticed a death yak
 16576 | Lair:5   | Noticed a death yak
 16605 | Lair:4   | Killed a death yak
 16623 | Lair:5   | Killed a death yak
 16641 | Lair:5   | Killed a death yak
 16651 | Lair:5   | Killed a death yak
 16651 | Lair:5   | Reached XP level 13. HP: 107/118 MP: 12/12
 16798 | Lair:5   | Found a dark tunnel.
 16803 | Volcano  | Entered a volcano
 16838 | Volcano  | HP: 59/119 [two-headed ogre/giant club of flaming (22)]
 16840 | Volcano  | Reached skill level 16 in Unarmed Combat
 16846 | Volcano  | HP: 35/119 [molten gargoyle/bolt of magma (12)]
 16852 | Volcano  | HP: 32/119 [two-headed ogre/giant club of flaming (4)]
 17569 | Lair:5   | Found a runed door.
 17569 | Lair:5   | Found a viscous altar of Jiyva.
 17569 | Lair:5   | Noticed an azure jelly
 17573 | Lair:5   | Found a staircase to the Slime Pits.
 17573 | Lair:5   | Noticed an azure jelly
 18397 | D:10     | Bought a scroll of blinking for 105 gold pieces
 18397 | D:10     | Bought a scroll of fear for 49 gold pieces
 18516 | D:6      | Bought an uncursed ring of poison resistance for 200 gold pieces
 18752 | D:8      | Found a huge runed gate.
 18752 | D:8      | Found a huge runed gate.
 18752 | D:8      | Found a huge runed gate.
 18752 | D:8      | Found a huge runed gate.
 18778 | D:8      | Found a bloodstained altar of Trog.
 18871 | D:8      | Found a shattered altar of Ashenzari.
 18943 | D:8      | Killed Amon001's ghost
 19460 | D:11     | Found a frozen archway.
 19551 | IceCv    | Entered an ice cave
 20214 | IceCv    | HP: 49/122 [something (17)]
 20471 | IceCv    | Noticed a white draconian
 20547 | IceCv    | Killed a white draconian
 20771 | IceCv    | Reached skill level 17 in Unarmed Combat
 21921 | D:11     | Noticed Snorg
 21927 | D:11     | Killed Snorg
 21927 | D:11     | Reached XP level 14. HP: 129/129 MP: 13/13
 22199 | D:12     | Found a staircase to the Orcish Mines.
 23099 | D:12     | HP: 61/130 [fire dragon (6)]
 23117 | D:12     | HP: 60/130 [something] (3)]
 23130 | D:12     | HP: 53/130 [something/ball of steam (11)]
 23684 | Orc:1    | Entered Level 1 of the Orcish Mines
 24056 | Orc:1    | Found a roughly hewn altar of Beogh.
 24162 | Orc:1    | Noticed Erica
 24222 | Orc:1    | Killed Erica
 24629 | D:6      | Bought an uncursed ring of protection from magic for 250 gold pieces
 24783 | Orc:2    | Entered Level 2 of the Orcish Mines
 24837 | Orc:2    | Noticed Nessos
 24851 | Orc:2    | HP: 65/130 [troll (4)]
 24858 | Orc:2    | HP: 49/130 [two-headed ogre/giant club (18)]
 24876 | Orc:2    | HP: 39/130 [Nessos/arrow (14)]
 24881 | Orc:2    | HP: 29/130 [poisoned by Nessos]
 24886 | Orc:2    | HP: 15/130 [poisoned by Nessos]
 24886 | Orc:2    | HP: 2/130 [Nessos/arrow (13)]
 24887 | Orc:2    | Shot with an arrow by Nessos

Skill      XL: |  1  2  3  4  5  6  7  8  9 10 11 12 13 |
---------------+----------------------------------------+-----
Unarmed Combat | 5 6 7 8 9 11 13 14 15 17 | 17.7
Fighting       | 4 5 6 8 9 11 12 13 | 13.9
Stealth        | 2 3 4 5 6 7 9 |  9.6
Dodging        | 4 5 6 7 9 10 11 12 | 12.9

Action                   |  1- 3 |  4- 6 |  7- 9 | 10-12 | 13-15 || total
-------------------------+-------+-------+-------+-------+-------++-------
Melee: Unarmed           |    58 |    89 |   342 |   620 |   716 ||  1825
       Headbutt          |     9 |    19 |    65 |   159 |   197 ||   449
       Punch             |       |     1 |    17 |    65 |    75 ||   158
  Use: Scroll            |       |     6 |     8 |     6 |     2 ||    22
       Potion            |       |       |       |       |     1 ||     1
 Stab: Sleeping          |     3 |     2 |    11 |     7 |    13 ||    36
       Distracted        |       |       |     1 |     2 |     3 ||     6
  Eat: Chunk             |     3 |     7 |    15 |    24 |    23 ||    72
       Ration            |       |       |       |       |     1 ||     1
Armor: Skin              |       |     3 |    49 |    69 |   104 ||   225
Dodge: Dodged            |    40 |    54 |   259 |   489 |   739 ||  1581
Block: Other             |       |     7 |    15 |       |       ||    22
       Reflection        |       |     1 |     3 |       |       ||     4

Vault maps used:
D:1:      minmay_arrival_four_houses, minmay_misc_feat_room, fountainhead
D:2:      tgw_xom, lemuel_round_altar, uniq_jessica
D:3:      chequers_ecumenical_altar_island, uniq_sigmund
D:4:      first_ration, minmay_misc_feat_nine_boxes, kennysheep_generic_room_8
D:5:      grunt_temple_overflow_magic_moments, kennysheep_mini, fedhas_altar_1,
          uniq_crazy_yiuf_cottage
D:6:      tso_metal_star, serial_shops, shop
D:7:      grunt_qazlal_sundering, minmay_temple_entry_nine_rooms
D:8:      lemuel_bear_cage, evilmike_ruin_ashenzari,
          nicolae_overflow_crystal_walls, hangedman_little_slice_of_home
D:9:      zin_treasury, kennysheep_little_box, basic_altar
D:10:     erik_lair_orcish_takeover, serial_shops, shop, shop_statue, shop,
          shop, nicolae_shop_waterfront, grunt_ministairs_6
D:11:     portal_ice_cave_entry_pillars_1, serial_ice, serial_ice_h,
          serial_ice_c, serial_ice_a, serial_ice_n, enter_bailey_3, uniq_snorg
D:12:     evilmike_diamond_2, orc_0_dummy
Temple:   nicolae_temple_figure_zero
Lair:1:   pond
Lair:2:   spider_nest_entry_funnel_web, grunt_megastairs_1, lemuel_fruit_tree
Lair:3:   elwin_shoals_entry_rooms, gammafunk_lair_bear_cave, uniq_harold
Lair:4:   uniq_rupert
Lair:5:   slime_altar_2, nicolae_volcano_entry_s_turn
Orc:1:    basic_altar, uniq_erica
Orc:2:    pubby_orc_utopia, uniq_nessos, uniq_azrael
IceCv:    ice_cave_small_giant
Volcano:  volcano_village
